 Dungeon Crawl Stone Soup version 0.21.1-1-g345015f (webtiles) character file.

3595 infcreate the Cleaver (level 9, 0/79 HPs)
             Began as a Minotaur Fighter on May 6, 2018.
             Was a Follower of Okawaru.
             Slain by an orc warrior
             ... wielding a +0 hand axe
              (16 damage)
             ... on level 9 of the Dungeon.
             The game lasted 00:38:09 (6364 turns).

infcreate the Cleaver (Minotaur Fighter)            Turns: 6364, Time: 00:38:10

Health: 0/79       AC: 15    Str: 24    XL:     9   Next: 85%
Magic:  8/8        EV:  6    Int:  5    God:    Okawaru [*.....]
Gold:   327        SH: 11    Dex: 10    Spells: 8/8 levels left

rFire    + . .     SeeInvis .   a - +0 war axe
rCold    . . .     Gourm    .   c - +0 shield
rNeg     . . .     Faith    .   p - +0 plate armour
rPois    +         Spirit   .   (helmet restricted)
rElec    .         Reflect  .   (no cloak)
rCorr    .         Harm     .   b - +0 pair of gloves
MR       .....                  (no boots)
Stlth    ..........             (no amulet)
HPRegen  0.23/turn              y - ring of protection from fire
MPRegen  0.11/turn              h - ring of poison resistance

@: no status effects
A: retaliatory headbutt, horns 2
a: Heroism, Renounce Religion


You were on level 9 of the Dungeon.
You worshipped Okawaru.
Okawaru was aware of your devotion.
You were not hungry.

You visited 2 branches of the dungeon, and saw 10 of its levels.

You collected 327 gold pieces.

Inventory:

Hand Weapons
 a - a +0 war axe (weapon)
Armour
 b - a +0 pair of gloves (worn)
 c - a +0 shield (worn)
 p - a +0 plate armour (worn)
Jewellery
 h - a ring of poison resistance (right hand)
 o - an uncursed ring of resist corrosion
 y - a ring of protection from fire (left hand)
Scrolls
 g - 4 scrolls of teleportation
 i - 4 scrolls of immolation
 k - a scroll of noise
 m - 2 scrolls of fog
 q - a scroll of enchant armour {unknown}
 v - 2 scrolls of amnesia
 w - a scroll of identify
 x - a scroll of brand weapon {unknown}
Potions
 d - 3 potions of might
 e - 2 potions of heal wounds {unknown}
 j - a potion of cancellation
 l - 5 potions of curing
 n - a potion of invisibility {unknown}
 r - 4 potions of brilliance
 s - 2 potions of lignification {unknown}
 t - 2 potions of degeneration {unknown}
 u - 2 potions of agility {unknown}
Comestibles
 f - 12 rations


   Skills:
 + Level 7.2 Fighting
 + Level 11.5 Axes
 + Level 8.2 Armour
 + Level 8.6 Shields


You had 8 spell levels left.
You didn't know any spells.

Dungeon Overview and Level Annotations

Branches:
Dungeon (9/15)             Temple (1/1) D:7
   Lair: D:8-11         Orc: D:9-12

Altars:
Ashenzari
Dithmenos
Elyvilon
Fedhas
Hepliaklqana
Kikubaaqudgha
Makhleb
Nemelex Xobeh
Okawaru
Qazlal
Ru
Sif Muna
Uskayaw
Xom
The Shining One

Shops:
D:5 =   D:8 [


Innate Abilities, Weirdness & Mutations

You reflexively headbutt those who attack you in melee.
You have a pair of horns on your head.


Message History

The orc shouts!
You barely miss the troll. You headbutt the troll!
The troll is moderately wounded.
The troll barely misses you. You block the troll's attack. The troll claws you!
An orc warrior comes into view. It is wielding a hand axe.
You closely miss the orc.
The orc warrior shouts!
You hit the troll.
You hear a shout!
You block the orc's attack. The troll bites you but does no damage.
The troll claws you but does no damage. x2
You slash the orc!
You kill the orc!
Okawaru accepts your kill.
You hit the troll. The troll bites you!
* * * LOW HITPOINT WARNING * * *
The troll claws you but does no damage. You block the troll's attack.
An orc comes into view. It is wielding a flail.
The orc warrior hits you with a hand axe!
You die...

..... #..### # ..#
. #.## ..#
..#.#.######### ..#
#..............
.### #...........#
..o
#...........#####o#
#............T.T@.#
#...........#####.#
............# )#
#...........# .#
#...........# ..
#.........>.# .#
#...........# .#
#...........# .#
%..........#


You could see 2 trolls, an orc warrior and an orc.

Vanquished Creatures
  Pikel (D:8)
  Sigmund (D:2)
  4 yaks (D:6)
  A wyvern (D:9)
  An ice beast (D:8)
  An orc warrior (D:6)
  2 centaurs (D:8)
  A gnoll sergeant (D:9)
  5 bullfrogs
  3 scorpions
  3 wights (D:7)
  2 howler monkeys
  2 crimson imps
  3 jellies
  4 hounds
  2 bullfrog skeletons (D:8)
  3 orc priests
  4 orc wizards
  2 centaur skeletons
  2 iguanas
  Terence (D:3)
  Natasha (thrice) (D:3)
  3 worker ants
  A hound skeleton (D:5)
  A worker ant zombie (D:5)
  13 gnolls
  11 adders
  An ooze (D:3)
  2 worms
  2 dart slugs
  5 leopard geckos
  28 orcs
  2 ball pythons
  7 bats
  4 giant cockroaches
  4 goblins
  4 hobgoblins
  15 jackals
  4 frilled lizards
  9 kobolds
  A quokka zombie (D:8)
  4 rats
172 creatures vanquished.

Vanquished Creatures (others)
  A human (D:5)
  An orc wizard (D:4)
2 creatures vanquished.

Grand Total: 174 creatures vanquished

Notes
Turn   | Place    | Note
-------+----------+-------------------------------------------
     0 | D:1      | infcreate the Minotaur Fighter began the quest for the Orb.
     0 | D:1      | Reached XP level 1. HP: 19/19 MP: 0/0
    76 | D:1      | Reached XP level 2. HP: 20/27 MP: 1/1
   660 | D:2      | Reached skill level 3 in Axes
   660 | D:2      | Reached XP level 3. HP: 21/33 MP: 2/2
   672 | D:2      | Noticed Sigmund
  1257 | D:2      | Reached XP level 4. HP: 39/40 MP: 3/3
  1269 | D:2      | Killed Sigmund
  1269 | D:2      | Reached skill level 5 in Axes
  1269 | D:2      | Reached skill level 5 in Armour
  1269 | D:2      | Reached XP level 5. HP: 28/47 MP: 4/4
  1616 | D:2      | Reached XP level 6. HP: 53/53 MP: 5/5
  1874 | D:3      | Noticed Natasha
  1891 | D:3      | Killed Natasha
  1977 | D:3      | Noticed Natasha
  1986 | D:3      | Killed Natasha
  2031 | D:3      | Reached skill level 5 in Shields
  2364 | D:3      | You fall through a shaft for 2 floors!
  2364 | D:5      | Entered Level 5 of the Dungeon
  2402 | D:5      | Found Cosmel Hep's Jewellery Shoppe.
  2517 | D:5      | Found an ancient bone altar of Kikubaaqudgha.
  2518 | D:5      | Found a blossoming altar of Fedhas.
  2715 | D:3      | Reached skill level 5 in Fighting
  2854 | D:3      | Noticed Natasha
  2863 | D:3      | Killed Natasha
  2863 | D:3      | Reached XP level 7. HP: 60/61 MP: 6/6
  2872 | D:3      | Found a white marble altar of Elyvilon.
  2922 | D:3      | Noticed Terence
  2929 | D:3      | Killed Terence
  3271 | D:4      | Reached skill level 6 in Axes
  3853 | D:5      | Reached skill level 7 in Axes
  3865 | D:5      | Found a shadowy altar of Dithmenos.
  4157 | D:5      | Found an ancient bone altar of Kikubaaqudgha.
  4177 | D:5      | Noticed a human
  4178 | D:5      | Killed a human
  4474 | D:6      | Noticed a yak
  4475 | D:6      | Noticed a yak
  4476 | D:6      | Noticed a yak
  4477 | D:6      | Noticed a yak
  4498 | D:6      | Killed a yak
  4498 | D:6      | Reached XP level 8. HP: 48/70 MP: 7/7
  4506 | D:6      | Reached skill level 8 in Axes
  4803 | D:6      | Reached skill level 9 in Axes
  4996 | D:6      | Reached XP level 9. HP: 47/78 MP: 8/8
  5565 | D:7      | Found a staircase to the Ecumenical Temple.
  5581 | D:7      | Reached skill level 10 in Axes
  5630 | Temple   | Entered the Ecumenical Temple
  5683 | Temple   | Became a worshipper of Warmaster Okawaru
  5859 | D:8      | Found Uptoc's Armour Emporium.
  5921 | D:8      | Noticed Pikel
  5933 | D:8      | Killed Pikel
  5933 | D:8      | Reached * piety under Okawaru
  5933 | D:8      | Reached skill level 11 in Axes
  6054 | D:8      | Found a glowing golden altar of the Shining One.
  6152 | D:8      | Found a deep blue altar of Sif Muna.
  6198 | D:8      | Found a sparkling altar of Nemelex Xobeh.
  6341 | D:9      | Noticed a troll
  6345 | D:9      | Noticed a troll
  6364 | D:9      | Slain by an orc warrior

Skill      XL: |  1  2  3  4  5  6  7  8  9 |
---------------+----------------------------+-----
Armour         | 4 5 6 7 8 |  8.2
Fighting       | 4 5 6 7 |  7.2
Shields        | 4 5 6 7 8 |  8.6
Axes           | 3 5 7 9 11 | 11.5

Action                   |  1- 3 |  4- 6 |  7- 9 || total
-------------------------+-------+-------+-------++-------
Melee: War axe           |    77 |   232 |   386 ||   695
       Headbutt          |    10 |    26 |    79 ||   115
  Use: Scroll            |       |     6 |     3 ||     9
       Potion            |       |       |     1 ||     1
  Eat: Chunk             |     1 |     4 |    10 ||    15
       Ration            |       |     1 |       ||     1
Armor: Scale mail        |    40 |    14 |       ||    54
       Plate armour      |       |   169 |   230 ||   399
Dodge: Dodged            |    29 |    51 |    72 ||   152
Block: Shield            |    41 |   184 |   198 ||   423
